 Dungeon Crawl Stone Soup version 0.17-a0-977-g4154171 (webtiles) character file.

93 Hanyuu the Insei (level 4, 0/28 HPs)
             Began as an Octopode Transmuter on May 10, 2015.
             Succumbed to an adder's poison
             ... on level 2 of the Dungeon.
             The game lasted 00:04:13 (1599 turns).

Hanyuu the Insei (Octopode Transmuter)              Turns: 1599, Time: 00:04:13

Health: 0/28       AC:  1    Str:  9    XL:     4   Next: 61%
Magic:  7/7        EV: 12    Int: 16    God:
Gold:   100        SH:  0    Dex: 12    Spells: 3 memorised, 1 level left

rFire  . . .     SeeInvis .     o - +4 club
rCold  . . .     Clarity  .     (no shield)
rNeg   . . .     SustAb   .     (helmet restricted)
rPois  .         Gourm    .     (no amulet)
rElec  .         Spirit   .     (no ring)
rCorr  .         Warding  .     (no ring)
rMut   .         Stasis   .     (no ring)
MR     .....                    (no ring)
Stlth  ++........               (no ring)
                                (no ring)
                                (no ring)
                                (no ring)

@: lethally poisoned (0 -> -6), not resistant to hostile enchantments,
unstealthy
A: almost no armour, amphibious, 8 rings, constrict 8, camouflage 1, gelatinous
body 1
a: no special abilities


You were on level 2 of the Dungeon.
You were hungry.

You visited 1 branch of the dungeon, and saw 2 of its levels.

You collected 100 gold pieces.

Inventory:

Hand weapons
 a - a +0 dagger of venom
 o - a +4 club (weapon)
Missiles
 k - 28 arrows
Scrolls
 e - 2 scrolls of identify {unknown}
 i - a scroll of noise {unknown}
 j - a scroll of enchant armour {unknown}
 l - a scroll of magic mapping {unknown}
 m - a scroll of fear {unknown}
Potions
 f - a potion of cancellation {unknown}
 g - a potion of agility {unknown}
 n - a potion of magic {unknown}
Books
 b - a book of Changes

   Spells                             Type                      Level
   a - Beastly Appendage              Transmutation                1
   b - Sticks to Snakes               Transmutation                2
   c - Spider Form                    Transmutation/Poison         3
   d - Ice Form                       Ice/Transmutation            4
   e - Blade Hands                    Transmutation                5
Comestibles
 c - a bread ration
 d - a meat ration


   Skills:
 - Level 1.0 Fighting
 - Level 2.0 Dodging
 + Level 5.2 Unarmed Combat
 - Level 2.0 Spellcasting
 - Level 2.0 Transmutations


You had one spell level left.
You knew the following spells:

 Your Spells              Type           Power        Failure   Level  Hunger
a - Beastly Appendage     Trmt           #.....       10%         1    #......
b - Sticks to Snakes      Trmt           #.........   14%         2    ###....
c - Spider Form           Trmt/Pois      #.........   38%         3    ###....


Dungeon Overview and Level Annotations

Branches:
Dungeon (2/15)

Altars:
Zin

Shops:
D:2 *


Innate Abilities, Weirdness & Mutations

You cannot wear most types of armour.
You are amphibious.
You can wear up to eight rings at the same time.
You can use your tentacles to constrict eight enemies at once.
Your skin changes colour to match your surroundings (Stealth).
Your rubbery body absorbs attacks (AC +1).


Message History

The adder is heavily wounded.
You feel sick. The adder barely misses you.
You hit the adder. Your grab misses the adder.
The adder is severely wounded.
The adder bites you.
You are more poisoned.
The adder poisons you! The adder bites you.
* * * LOW HITPOINT WARNING * * *
You hit the adder. You grab the adder. Your squeeze misses the adder.
The adder is severely wounded.
You constrict the adder.
* * * LOW HITPOINT WARNING * * *
You feel sick. The adder bites you.
* * * LOW HITPOINT WARNING * * *
The adder completely misses you.
You barely miss the adder.
The adder is almost dead.
You constrict the adder.
You kill the adder!
You die...

#.# #.. #.##
#..######..#####
#......)..........
#...##.#######....
#... #.# #.
##...##.###
#....#....#
#..$.@....#
#.#[.....(#
#.##..### #. #....
# #..... ..>....%
....##... ###.#
...


There were no monsters in sight!

Vanquished Creatures
  Ijyb (D:2)
  Terence (D:2)
  2 adders (D:2)
  2 ball pythons
  A giant cockroach (D:1)
  5 goblins
  A hobgoblin (D:1)
  2 jackals (D:2)
  2 bats (D:2)
  A giant gecko (D:1)
  2 giant newts (D:2)
  A kobold (D:1)
  2 rats
23 creatures vanquished.

Notes
Turn   | Place    | Note
--------------------------------------------------------------
     0 | D:1      | Hanyuu, the Octopode Transmuter, began the quest for the Orb.
     0 | D:1      | Reached XP level 1. HP: 13/13 MP: 3/3
   522 | D:1      | Reached XP level 2. HP: 18/18 MP: 5/5
   814 | D:2      | Found Zin's Purification Station.
   817 | D:2      | Found a glowing silver altar of Zin.
   891 | D:2      | Reached skill level 4 in Unarmed Combat
  1042 | D:2      | Reached XP level 3. HP: 23/23 MP: 6/6
  1046 | D:2      | Learned a level 2 spell: Sticks to Snakes
  1050 | D:2      | Learned a level 3 spell: Spider Form
  1331 | D:2      | Noticed Ijyb
  1337 | D:2      | Noticed Terence
  1344 | D:2      | Killed Ijyb
  1344 | D:2      | Reached XP level 4. HP: 12/28 MP: 1/7
  1353 | D:2      | Killed Terence
  1353 | D:2      | Reached skill level 5 in Unarmed Combat
  1598 | D:2      | HP: 1/28 [adder (4)]
  1599 | D:2      | Succumbed to an adder's poison

Vault maps used:
D:1:      dpeg_arrival_erosion, minivault_14
D:2:      zin_purify, uniq_iyjb, uniq_terence

Action                   |  1- 3 |  4- 6 || total
-------------------------+-------+-------++-------
Melee: Unarmed           |    41 |     8 ||    49
       Club              |       |     6 ||     6
 Cast: Spider Form       |     1 |       ||     1
       Beastly Appendage |     1 |       ||     1
  Use: Potion            |       |     1 ||     1
 Stab: Sleeping          |     3 |       ||     3
  Eat: Chunk             |     1 |     1 ||     2
